 Dungeon Crawl Stone Soup version 0.30-a0-166-g5d06c95188 (webtiles) character file.

Game seed: 15837184673424946400

69 qw the Chopper (level 4, 0/28 HPs)
             Began as a Gargoyle Fighter on Sept 28, 2022.
             Slain by an orc
             ... wielding a +0 trident
              (5 damage)
             ... on level 3 of the Dungeon.
             The game lasted 00:00:48 (1988 turns).

qw the Chopper (Gargoyle Fighter)                   Turns: 1988, Time: 00:00:49

Health: 0/28       AC: 13    Str: 22    XL:     4   Next: 20%
Magic:  4/4        EV:  7    Int:  8    God:
Gold:   85         SH:  4    Dex:  9    Spells: 3/3 levels left

rFire   . . .      SeeInvis .    Y - +0 war axe
rCold   . . .      Faith    .    c - +0 buckler
rNeg    + . .      Spirit   .    k - +0 chain mail
rPois   inf        Reflect  .    a - +0 helmet
rElec   +          Harm     .    (no cloak)
rCorr   .          Rampage  .    (no gloves)
Will    .....                    (no boots)
Stlth   ..........               (no amulet)
HPRegen 0.09/turn                (no ring)
MPRegen 0.09/turn                (no ring)

@: no status effects
A: sickness immunity, AC +3, negative energy resistance 1, electricity
resistance, torment resistance 1, petrification resistance
a: no special abilities


You were on level 3 of the Dungeon.
You visited 1 branch of the dungeon, and saw 3 of its levels.

You collected 139 gold pieces.
You spent 54 gold pieces at shops.


Innate Abilities, Weirdness & Mutations

You are immune to sickness and miasma.
Your stone body is resilient. (AC +3)
You are immune to poison.
You resist negative energy. (rN+)
You are resistant to electric shocks. (rElec)
You are resistant to unholy torment.
You are immune to petrification.


   Skills:
 - Level 3.2 Fighting
 - Level 3.9 Axes
 + Level 0.3 Throwing
 - Level 3.2 Armour
 - Level 3.2 Shields


You had 3 spell levels left.
You didn't know any spells.
Your spell library was empty.

Inventory:

Hand Weapons
 i - a +0 whip
 Y - a +0 war axe (weapon)
Missiles
 h - a javelin (quivered)
Armour
 a - a +0 helmet (worn)
 c - a +0 buckler (worn)
 k - a +0 chain mail (worn)
Scrolls
 f - a scroll of identify
Potions
 b - a potion of lignification
 d - 2 potions of might
 e - a potion of curing
 j - a potion of brilliance {unknown}

Dungeon Overview and Level Annotations

Branches:
Dungeon (3/15)

Altars:

Shops:
D:2 [

Annotations:
D:3 3 runed translucent doors, qw's ghost, amateur GrFi


Message History

The orc shouts!
The orc throws a boomerang.
The boomerang completely misses you.
The orc priest shouts!
The orc hits you but does no damage.
The orc priest invokes the aid of Beogh against you.
You barely resist.
You see here a +0 chain mail.
You hit the orc but do no damage. You hit the orc.
The orc is heavily wounded.
The orc barely misses you. The orc hits you with a +0 trident.
The orc hits you but does no damage.
The orc priest drinks a potion.
The orc priest suddenly seems more resistant.
You closely miss the orc.
The orc is heavily wounded.
You block the orc's attack.
You hit the orc.
The orc is heavily wounded.
You closely miss the orc priest. You closely miss the orc.
The orc hits you but does no damage. The orc priest closely misses you.
You hit the orc.
You kill the orc!
You hit the orc. You closely miss the orc priest. You block the orc's attack.
The orc priest hits you but does no damage. x2
The orc hits you from afar with a +0 trident!
The orc hits you but does no damage.
You slash the orc!
You kill the orc!
You barely miss the orc priest.
The orc priest hits you but does no damage.
The orc hits you from afar with a +0 trident.
You closely miss the orc priest. The orc barely misses you.
The orc priest calls down the wrath of Beogh upon you.
Beogh smites you!
Ouch! That really hurt!
You hit the orc priest but do no damage.
The orc hits you from afar with a +0 trident.
You die...

#...#.#.#.#.#.#.#.#.#.#.#...#
#................<....).....###
###.#.#.#.#.#.#.#.#.#.#.#.....#
##........................#..
####.#.#.#.#.#.#.#.#.#.#...#).
...................<........#..
................o......#.......
########.....#))............#..
#.#....@................
#....##o....##..........
#....#..#.=..............>
#.#.........##.#..##.##.#.
...#..##................... ..
...?.........#..........
.#.....#...#.............
###.....#...#...........
...........#.##..######


You could see an orc priest (resistant) and an orc.

Vanquished Creatures
  An adder (D:2)
  A worm (D:2)
  2 dart slugs (D:1)
  2 orcs (D:3)
  6 ball pythons
  4 bats
  6 endoplasms
  A giant cockroach (D:2)
  6 goblins
  5 jackals (D:1)
  7 kobolds
  2 quokkas
  2 frilled lizards
  A rat (D:2)
46 creatures vanquished.

Notes
Turn   | Place    | Note
-------+----------+-------------------------------------------
     0 | D:1      | qw the Gargoyle Fighter began the quest for the Orb.
     0 | D:1      | Reached XP level 1. HP: 14/14 MP: 1/1
     0 | D:1      | 0 ||| qw: Version: 0.2-a-12-gaebbb33
     0 | D:1      | 0 ||| qw: Game counter: 999
     0 | D:1      | 0 ||| qw: Always use a shield: true
     0 | D:1      | 0 ||| qw: God list: Okawaru
     0 | D:1      | 0 ||| qw: Allow faded altars: false
     0 | D:1      | 0 ||| qw: Do Orc after D:15 true
     0 | D:1      | 0 ||| qw: Do second Lair branch before Depths: true
     0 | D:1      | 0 ||| qw: Lair rune preference: random
     0 | D:1      | 0 ||| qw: Plans: Normal, Zot:1-4, God:TSO, Crypt, Tomb,
                  | Pan, Slime:5, Hells, Abyss, Orb
     0 | D:1      | 0 ||| PLANNING D:1-11
   214 | D:1      | Reached XP level 2. HP: 13/19 MP: 2/2
   343 | D:1      | 343 ||| Stepping ~*~*~tactically~*~*~ (stealth).
   469 | D:1      | 469 ||| DROPPING +0 club.
   643 | D:1      | Reached skill level 3 in Axes
   661 | D:1      | Reached XP level 3. HP: 23/23 MP: 3/3
   890 | D:1      | 890 ||| UPGRADING to +0 chain mail.
   900 | D:1      | 900 ||| DROPPING +0 scale mail.
   901 | D:1      | 901 ||| DROPPING ring of flight.
   902 | D:1      | 902 ||| READING scroll labelled SUYZAH LARUSU.
   903 | D:1      | 903 ||| READING scroll labelled VUOZXEZ DAMPOH.
   983 | D:2      | 983 ||| Stepping ~*~*~tactically~*~*~ (stealth).
  1114 | D:2      | Found Neijap's Armour Emporium.
  1121 | D:2      | 1121 ||| BUYING +0 helmet (54 gold).
  1121 | D:2      | Bought a +0 helmet for 54 gold pieces
  1121 | D:2      | 1121 ||| SHOPLISTING +1 helmet of intelligence (198 gold,
                  | have 46).
  1121 | D:2      | 1121 ||| SHOPLISTING +1 helmet of see invisible (198 gold,
                  | have 46).
  1121 | D:2      | 1121 ||| SHOPLISTING +9 scales of the Dragon King {rPois
                  | rF+ rC+ Will+} (1497 gold, have 46).
  1609 | D:2      | Reached XP level 4. HP: 28/28 MP: 4/4
  1761 | D:2      | 1761 ||| UPGRADING to +0 helmet.
  1766 | D:2      | 1766 ||| READING scroll labelled KIWITO HUTHAMP.
  1767 | D:2      | 1767 ||| DRINKING 2 smoky puce potions.
  1768 | D:2      | 1768 ||| READING 2 scrolls of identify.
  1768 | D:2      | 1768 ||| IDENTIFYING silvery potion
  1836 | D:3      | 1836 ||| Stepping ~*~*~tactically~*~*~ (stealth).
  1838 | D:3      | 1838 ||| Stepping ~*~*~tactically~*~*~ (stealth).
  1861 | D:3      | Found a runed translucent gate.
  1861 | D:3      | Noticed qw's ghost (amateur GrFi)
  1862 | D:3      | Found a runed translucent gate.
  1863 | D:3      | Noticed a kobold brigand
  1863 | D:3      | Found a runed translucent gate.
  1907 | D:3      | 1907 ||| Stepping ~*~*~tactically~*~*~ (stealth).
  1912 | D:3      | 1912 ||| FLEEEEING.
  1913 | D:3      | 1913 ||| FLEEEEING.
  1914 | D:3      | 1914 ||| FLEEEEING.
  1915 | D:3      | 1915 ||| FLEEEEING.
  1916 | D:3      | 1916 ||| FLEEEEING.
  1917 | D:3      | 1917 ||| FLEEEEING.
  1918 | D:3      | 1918 ||| FLEEEEING.
  1919 | D:3      | 1919 ||| FLEEEEING.
  1920 | D:3      | 1920 ||| FLEEEEING.
  1921 | D:3      | 1921 ||| FLEEEEING.
  1922 | D:3      | 1922 ||| FLEEEEING.
  1924 | D:3      | 1924 ||| STAIRDANCE
  1953 | D:2      | 1953 ||| READING scroll labelled UNUENOLAAGG.
  1978 | D:3      | 1978 ||| Stepping ~*~*~tactically~*~*~ (stealth).
  1987 | D:3      | HP: 5/28 [orc priest/divine providence (14)]
  1988 | D:3      | Slain by an orc

Levels and vault maps discovered:
D:1:      scummos_arrival_checkerplants, layout_basic
D:2:      layout_basic, serial_shops, shop_statue
D:3:      layout_rooms, serial_shops, nicolae_diamond_shop,
          gammafunk_ghost_nasty_kobolds, st_stairs_13, uniq_jessica

Skill      XL: |  1  2 |
---------------+-------+-----
Axes           | 2 3 |  3.9
Fighting       | |  3.2
Throwing       | |  0.3
Armour         | |  3.2
Shields        | |  3.2

Action                   |  1- 3 |  4- 6 || total
-------------------------+-------+-------++-------
Melee: War axe           |   103 |    30 ||   133
Throw: Javelin           |       |     3 ||     3
  Use: Scroll            |     2 |     3 ||     5
       Potion            |       |     1 ||     1
Armor: Scale mail        |    36 |       ||    36
       Chain mail        |    24 |    24 ||    48
Dodge: Dodged            |    37 |     9 ||    46
Block: Buckler           |    14 |     3 ||    17

Table legend:
 A = Non-vault XP
 B = Vault XP
 C = Vault XP percentage of total XP
 D = Non-vault monster count
 E = Vault monster count
 F = Vault count percentage of total count
                 A         B        C        D         E       F
            +---------+---------+-------+---------+---------+-------
      Total |      98 |       1 |   1.0 |      45 |       1 |   2.2
            +---------+---------+-------+---------+---------+-------
        D:1 |      42 |       0 |   0.0 |      21 |       0 |   0.0
        D:2 |      43 |       0 |   0.0 |      18 |       0 |   0.0
        D:3 |      13 |       1 |   7.1 |       6 |       1 |  14.3
            +---------+---------+-------+---------+---------+-------
